 Dungeon Crawl Stone Soup version 0.27-a0-346-ga689d4a613 (webtiles) character file.

Game seed: 10425418879540980117

276 foci the Chopper (level 6, -15/38 HPs)
             Began as a Gargoyle Fighter on Feb 15, 2021.
             Demolished by an ogre
             ... wielding a +0 giant spiked club
              (18 damage)
             ... on level 4 of the Dungeon.
             The game lasted 00:03:34 (2870 turns).

foci the Chopper (Gargoyle Fighter)                 Turns: 2870, Time: 00:03:34

Health: -15/38     AC: 11    Str: 26    XL:     6   Next: 25%
Magic:  6/6        EV:  8    Int:  9    God:
Gold:   179        SH: 10    Dex: 16    Spells: 5/5 levels left

rFire    . . .     SeeInvis .   a - +0 war axe
rCold    . . .     Faith    .   c - +0 kite shield
rNeg     + . .     Spirit   .   b - +0 scale mail
rPois    ∞         Reflect  .   (no helmet)
rElec    +         Harm     .   (no cloak)
rCorr    .         Rampage  .   (no gloves)
Will     .....                  (no boots)
Stlth    ..........             (no amulet)
HPRegen  0.12/turn              i - +6 ring of strength
MPRegen  0.10/turn              j - +6 ring of dexterity

@: no status effects
A: negative energy resistance 1, electricity resistance, unbreathing,
petrification resistance, miasma immunity, AC +4
a: no special abilities


You were on level 4 of the Dungeon.
You visited 1 branch of the dungeon, and saw 4 of its levels.

You collected 179 gold pieces.

Inventory:

Hand Weapons
 a - a +0 war axe (weapon)
Armour
 b - a +0 scale mail (worn)
 c - a +0 kite shield (worn)
Jewellery
 i - a +6 ring of strength (left hand)
 j - a +6 ring of dexterity (right hand)
Scrolls
 f - 2 scrolls of teleportation {unknown}
 h - 4 scrolls of identify {unknown}
 k - 2 scrolls of fear {unknown}
 l - a scroll of immolation {unknown}
 m - a scroll of amnesia {unknown}
 q - 2 scrolls of magic mapping {unknown}
 r - a scroll of random uselessness {unknown}
Potions
 d - a potion of might
 e - 3 potions of lignification {unknown}
 g - a potion of attraction {unknown}
 n - 2 potions of curing {unknown}
 o - 3 potions of brilliance {unknown}
 p - a potion of resistance {unknown}
 t - a potion of flight {unknown}
 u - a potion of degeneration {unknown}
 v - 2 potions of cancellation {unknown}


   Skills:
 + Level 3.7 Fighting
 * Level 4.5 Axes
 + Level 4.3 Armour
 + Level 0.6 Dodging
 - Level 4.0 Shields


You had 5 spell levels left.
You didn't know any spells.
Your spell library contained the following spells:

 Spells                   Type           Power        Failure   Level
 Ensorcelled Hibernation  Hex/Ice        0%           99%         2
 Animate Armour           Summ/Erth      0%           100%        4
 Borgnjor's Vile Clutch   Necr/Erth      0%           100%        5
 Silence                  Hex/Air        0%           100%        5
 Shadow Creatures         Summ           N/A          100%        6


Dungeon Overview and Level Annotations

Branches:
Dungeon (4/15)
 Temple: D:4-7

Altars:
Wu Jian
Xom


Innate Abilities, Weirdness & Mutations

You are resistant to torment.
Your stone body is resilient. (AC +4)
You are immune to poison.
You resist negative energy. (rN+)
You are resistant to electric shocks. (rElec)
You can survive without breathing.
You are immune to petrification.
You are immune to miasma.


Message History

The orc priest is lightly wounded.
You hit the orc but do no damage. You slash the orc!
You kill the orc!
You block the orc's attack. You block the orc priest's attack.
You block the orc's attack. The orc barely misses you.
The orc priest hits you but does no damage.
You slash the orc priest!
You kill the orc priest!
You hit the orc.
You kill the orc!
An ogre comes into view. It is wielding a +0 giant spiked club.
You block the orc's attack. You block the orc's attack.
Found a dazzling ring mail.
Things that are here:
a +0 club; a +0 chain mail You slash the ogre!
The ogre is moderately wounded.
You hit the orc. The orc hits you with a +0 trident.
You block the ogre's attack.
You hit the ogre but do no damage.
The ogre is moderately wounded.
You closely miss the orc. You block the orc's attack.
The ogre hits you with a +0 giant spiked club!
The orc hits you but does no damage.
Your shield and scale mail prevent you from hitting the ogre.
The ogre is moderately wounded.
You hit the orc but do no damage.
An adder comes into view.
You block the ogre's attack. The orc hits you with a +0 trident.
You slash the ogre!
The ogre is severely wounded.
You hit the orc.
You kill the orc!
The ogre hits you with a +0 giant spiked club!
* * * LOW HITPOINT WARNING * * *
You hit the ogre.
The ogre is almost dead.
The ogre hits you with a +0 giant spiked club!!
You die...

.....................#
......#...............#
......#...............#
..............<........
....##.............
.#................
....S.............
........))..#....
......)@#..###...
......O##..# .# [....##
#.... # ..... ##..##
.... ...# .. ..## . ..#
.#


You could see an ogre and an adder.

Vanquished Creatures
  An ogre (D:4)
  An orc priest (D:4)
  An iguana (D:3)
  A worker ant zombie (D:3)
  5 adders
  An ooze (D:2)
  2 worms
  A dart slug (D:1)
  A leopard gecko (D:3)
  8 orcs
  A ball python (D:3)
  7 giant cockroaches
  4 goblins
  6 hobgoblins
  2 jackals (D:2)
  9 kobolds
  6 bats
  2 frilled lizards
  5 rats
64 creatures vanquished.

Notes
Turn   | Place    | Note
-------+----------+-------------------------------------------
     0 | D:1      | foci the Gargoyle Fighter began the quest for the Orb.
     0 | D:1      | Reached XP level 1. HP: 14/14 MP: 1/1
   155 | D:1      | Reached XP level 2. HP: 19/19 MP: 2/2
  1149 | D:2      | Reached XP level 3. HP: 20/23 MP: 3/3
  1613 | D:2      | Reached XP level 4. HP: 28/28 MP: 4/4
  1992 | D:3      | Reached XP level 5. HP: 6/32 MP: 5/5
  2261 | D:3      | Found a shimmering altar of Xom.
  2264 | D:3      | Found an ornate altar of the Wu Jian Council.
  2822 | D:4      | Noticed an ogre
  2828 | D:4      | Killed an ogre
  2829 | D:4      | Reached XP level 6. HP: 38/38 MP: 6/6
  2870 | D:4      | Demolished by an ogre

Illustrated notes

Levels and vault maps discovered:
D:1:      nicolae_arrival_washed_ashore, layout_basic, roderic_lattice_a
D:2:      layout_rooms
D:3:      layout_loops_ring, chequers_temple_overflow_statue_of_worship
D:4:      black_bear_nest_1, layout_cave_pools, minmay_temple_entry_arrows,
          serial_shops, nicolae_shop_trees, minmay_lizard_king

Skill      XL: |  1  2  3  4  5 |
---------------+----------------+-----
Axes           | 2 3 4 |  4.5
Armour         | 4 |  4.3
Shields        | 4 |  4.0
Fighting       | |  3.7
Dodging        | |  0.6

Action                   |  1- 3 |  4- 6 || total
-------------------------+-------+-------++-------
Melee: War axe           |   103 |   112 ||   215
Armor: Scale mail        |    60 |    49 ||   109
Dodge: Dodged            |    33 |    34 ||    67
Block: Kite shield       |    68 |    73 ||   141

Table legend: (Time is in decaauts)
 A = Elapsed time spent in this place.
 B = Non-inter-level travel time spent in this place.
 C = Inter-level travel time spent in this place.
 D = Time resting spent in this place.
 E = Time spent auto-exploring this place.
 F = Levels seen in this place.
 G = Mean time per level.
                   A        B        C        D        E       F      G
               +--------+--------+--------+--------+--------+-----+--------+
         Total |   2991 |   2898 |     93 |      0 |   2275 |   4 |  747.8 |
       Dungeon |   2991 |   2898 |     93 |      0 |   2275 |   4 |  747.8 |
               +--------+--------+--------+--------+--------+-----+--------+

Top non-repeatable levels by time:
     D:3: 1177 daAuts
     D:1: 1155 daAuts
     D:2: 557 daAuts
     D:4: 100 daAuts
